 Dungeon Crawl Stone Soup version 0.31.0-11-ge490571c62 (webtiles) character file.

Game seed: 13876370734972107973

5423 sanka the Grappler (level 10, -2/102 HPs)
             Began as a Troll Monk on Jan 27, 2024.
             Was an Elder of Okawaru.
             Succumbed to a killer bee's poison
             ... on level 8 of the Dungeon.
             The game lasted 00:09:03 (5719 turns).

sanka the Grappler (Troll Monk)                     Turns: 5719, Time: 00:09:04

Health: -2/102     AC:  4    Str: 21    XL:     10   Next: 40%
Magic:  12/12      EV: 18    Int:  6    God:    Okawaru [****..]
Gold:   369        SH:  0    Dex: 16    Spells: 9/9 levels left

rFire   . .          .
                       - Unarmed
rCold   . . .        c - orb {light}
rNeg    . . .        a - +0 robe
rPois   .            (helmet restricted)
rElec   .            u - scarf {shadows}
rCorr   .            (gloves unavailable)
SInv    .            (boots unavailable)
Will    .....        (no amulet)
Stlth   +            r - +4 ring of slaying
HPRegen 1.17/turn    e - +5 ring of evasion
MPRegen 0.13/turn

%: no passive effects
@: mighty, lethally poisoned (-2 -> -11), glowing
A: large, unfitting armour, claws 3, regeneration 1, shaggy fur 1, tough skin 1
a: Renounce Religion, Heroism, Finesse


You were on level 8 of the Dungeon.
You worshipped Okawaru.
Okawaru was greatly pleased with you.
You visited 2 branches of the dungeon, and saw 9 of its levels.

You collected 369 gold pieces.


Innate Abilities, Weirdness & Mutations

You are too large for most types of armour.
You have claws for hands.
Your natural rate of healing is unusually fast.
You are covered in fur. (AC +1)
You have tough skin. (AC +1)


   Skills:
 + Level 7.3 Fighting
 + Level 7.0 Dodging
 - Level 10.0 Unarmed Combat
 + Level 4.4 Invocations


You had 9 spell levels left.
You didn't know any spells.
Your spell library contained the following spells:

 Spells                   Type           Power      Damage    Failure   Level
 Slow                     Hex            0%         N/A       45%         1
 Blink                    Tloc           0%         N/A       58%         2
 Ensorcelled Hibernation  Hex/Ice        0%         N/A       58%         2
 Jinxbite                 Hex            0%         N/A       58%         2
 Lesser Beckoning         Tloc           0%         N/A       58%         2
 Momentum Strike          Conj/Tloc      0%         3d8       58%         2
 Confusing Touch          Hex            0%         N/A       83%         3
 Fugue of the Fallen      Necr           0%         N/A       83%         3
 Gell's Gravitas          Tloc           0%         N/A       83%         3
 Ozocubu's Armour         Ice            0%         N/A       83%         3
 Passwall                 Erth           0%         N/A       83%         3
 Sigil of Binding         Hex            0%         N/A       83%         3
 Swiftness                Air            0%         N/A       83%         3
 Teleport Other           Tloc           0%         N/A       83%         3
 Vampiric Draining        Necr           0%         2d6       83%         3
 Manifold Assault         Tloc           0%         N/A       99%         4
 Yara's Violent Unravell  Hex/Alch       0%         3d3       100%        5
 Enfeeble                 Hex            0%         N/A       100%        7

Inventory:

Missiles
 m - 3 throwing nets {=f}
Armour
 a - a +0 robe (worn)
 c - an orb of light (worn)
 u - a scarf of shadows (worn)
Jewellery
 e - a +5 ring of evasion (right claw)
 p - a +6 ring of dexterity
 r - a +4 ring of slaying (left claw)
Wands
 x - a wand of polymorph (13)
Scrolls
 f - 8 scrolls of identify {unknown}
 j - 3 scrolls of poison {unknown}
 k - 2 scrolls of blinking {unknown}
 l - 2 scrolls of teleportation {unknown}
 o - 3 scrolls of noise {unknown}
 q - 2 scrolls of butterflies {unknown}
 s - a scroll of torment {unknown}
 t - a scroll of fog {unknown}
 w - 2 scrolls of fear {unknown}
 y - a scroll of immolation {unknown}
 z - a scroll of silence {unknown}
Potions
 d - a potion of might
 g - a potion of lignification {unknown}
 h - 2 potions of haste {unknown}
 i - 2 potions of heal wounds {unknown}
 n - a potion of resistance {unknown}
 v - a potion of attraction {unknown}

Dungeon Overview and Level Annotations

Branches:
Dungeon (8/15)             Temple (1/1) D:7            Lair (0/5) D:8

Altars:
Ashenzari
Cheibriados
Dithmenos
Elyvilon
Fedhas
Gozag
Kikubaaqudgha
Makhleb
Nemelex Xobeh
Okawaru
Qazlal
Ru
Sif Muna
Trog
Uskayaw
Vehumet
Wu Jian
Xom
Zin
The Shining One

▒.....fP.f ▒▒.P.......
▒o.....P.P.
▒▒.f...f....
▒.........f. ▒.....
▒▒†.)f)...... ▒.....▒
▒ooo)........ ▒.....▒
▒yP...P......
▒.....▒▒▒▒Tof.........
▒.....▒.....f.P...>...
▒.....▒.†.P..ff..P....
▒.....'......f.P..P...
▒.....▒▒▒..f...f.PP.f.
▒............P......f
▒.............P...Pf.
▒.............PP.P..f
▒............Pf†.f.f.


You could see a killer bee, 2 orc wizards and 3 orcs.


Message History

The orc hits you but does no damage. The killer bee completely misses you.
Unknown command.
You feel sick.
The killer bee attacks as it pursues you!
The killer bee stings you!
* * * LOW HITPOINT WARNING * * *
You are more poisoned.
The killer bee poisons you!
The orc hits the plant with a +0 dagger.
The plant begins to die.
The killer bee misses you.
You claw the plant!
The plant is lightly damaged.
You feel less invigorated.
You feel less confused.
You feel sick. The killer bee stings you.
* * * LOW HITPOINT WARNING * * *
You are lethally poisoned!
The killer bee poisons you!
The orc hits the plant with a +0 dagger.
The orc wizard barely misses you.
The orc wizard hits the plant with a +0 dagger.
An orc comes into view. It is wielding a +0 whip of freezing.
The killer bee stings you.
* * * LOW HITPOINT WARNING * * *
It was a potion of might.
You feel very mighty all of a sudden.
You die...

Action                     |  1- 3 |  4- 6 |  7- 9 | 10-12 || total
---------------------------+-------+-------+-------+-------++-------
  Melee: Unarmed           |    67 |    88 |   182 |    68 ||   405
 Invoke: Heroism           |       |       |     1 |       ||     1
    Use: Potion            |       |       |       |     2 ||     2
 Armour: Robe              |    22 |    43 |    87 |    37 ||   189
  Dodge: Dodged            |    46 |    70 |   112 |    51 ||   279

Levels and vault maps discovered:
D:1:      minmay_arrival_semitransparent, layout_loops_cross,
          hellmonk_ecumenical_altar_dog_temple
D:2:      layout_rooms, uniq_sigmund
D:3:      layout_loops_cross, mainiacjoe_overflow_cross_hatched
D:4:      layout_rooms, minmay_hedge_maze, chequers_serial_rivers_micro_c
D:5:      layout_cave_pods, ebering_ghost_sewer_d, uniq_edmund, uniq_eustachio,
          uniq_duvessa, uniq_prince_ribbit1, uniq_menkaure
D:6:      layout_basic, chequers_serial_rivers_small_3
D:7:      layout_loops_cross, temple_statues, minmay_crystal_water,
          corexii_hall_statues_x, serial_bayou_pond_c
D:8:      layout_gridville, nicolae_overflow_macrodata_refinement,
          due_lair_maze_entry_diamond, uniq_joseph
Temple:   nicolae_temple_bog_church

Notes
Turn   | Place    | Note
-------+----------+-------------------------------------------
     0 | D:1      | sanka the Troll Monk began the quest for the Orb.
     0 | D:1      | Reached XP level 1. HP: 22/22 MP: 0/0
   257 | D:1      | Found a faded altar of an unknown god.
   265 | D:1      | Reached XP level 2. HP: 27/29 MP: 1/1
   715 | D:2      | Reached skill level 3 in Fighting
   715 | D:2      | Reached XP level 3. HP: 33/37 MP: 2/2
   851 | D:2      | Reached skill level 4 in Unarmed Combat
  1005 | D:2      | Reached XP level 4. HP: 45/45 MP: 3/3
  1005 | D:2      | Noticed Sigmund
  1011 | D:2      | Killed Sigmund
  1012 | D:2      | Reached skill level 6 in Unarmed Combat
  1012 | D:2      | Reached XP level 5. HP: 44/53 MP: 4/4
  1280 | D:3      | Reached XP level 6. HP: 38/61 MP: 5/5
  1375 | D:3      | Found a blossoming altar of Fedhas.
  1887 | D:4      | Reached skill level 7 in Unarmed Combat
  2384 | D:5      | Entered Level 5 of the Dungeon
  2419 | D:5      | Reached XP level 7. HP: 67/67 MP: 6/6
  2424 | D:5      | Reached skill level 8 in Unarmed Combat
  2486 | D:5      | Noticed Eustachio
  2486 | D:5      | Noticed Menkaure
  2495 | D:5      | Killed Eustachio
  2498 | D:5      | Killed Menkaure
  2499 | D:5      | Reached skill level 9 in Unarmed Combat
  2554 | D:5      | Reached XP level 8. HP: 75/75 MP: 7/7
  2570 | D:5      | Noticed Prince Ribbit
  2579 | D:5      | Killed Prince Ribbit
  2580 | D:5      | Reached skill level 10 in Unarmed Combat
  2662 | D:5      | Reached skill level 3 in Dodging
  2707 | D:5      | Noticed Dowan
  2707 | D:5      | Noticed Duvessa
  2716 | D:5      | Killed Duvessa
  2717 | D:5      | Killed Dowan
  2908 | D:5      | Reached skill level 4 in Fighting
  2983 | D:5      | Found a runed translucent door.
  2986 | D:5      | Noticed Flugkiller's ghost (novice TrEn)
  3074 | D:5      | Reached skill level 4 in Dodging
  3116 | D:5      | Noticed Edmund
  3125 | D:5      | Killed Edmund
  3709 | D:6      | Reached skill level 5 in Fighting
  3709 | D:6      | Reached XP level 9. HP: 85/88 MP: 8/8
  3821 | D:6      | Reached skill level 5 in Dodging
  4331 | D:7      | Found a staircase to the Ecumenical Temple.
  4342 | Temple   | Entered the Ecumenical Temple
  4354 | Temple   | Became a worshipper of Warmaster Okawaru
  4354 | Temple   | Reached * piety under Okawaru
  4354 | Temple   | Reached ** piety under Okawaru
  4396 | D:7      | Reached skill level 1 in Invocations
  4405 | D:7      | Reached skill level 6 in Fighting
  4765 | D:7      | Reached skill level 2 in Invocations
  4836 | D:7      | Reached skill level 6 in Dodging
  5100 | D:8      | Found an ornate altar of the Wu Jian Council.
  5100 | D:8      | Found a glowing golden altar of the Shining One.
  5325 | D:5      | Killed Flugkiller's ghost
  5325 | D:5      | Reached *** piety under Okawaru
  5326 | D:5      | Reached skill level 3 in Invocations
  5326 | D:5      | Reached XP level 10. HP: 74/100 MP: 8/11
  5489 | D:8      | Noticed Joseph
  5504 | D:8      | HP: 9/100 [Joseph/+0 spectral quarterstaff (17)]
  5507 | D:8      | Killed Joseph
  5614 | D:8      | Reached skill level 7 in Fighting
  5623 | D:8      | Reached skill level 4 in Invocations
  5691 | D:8      | Reached **** piety under Okawaru
  5692 | D:8      | Reached skill level 7 in Dodging
  5694 | D:8      | Found a staircase to the Lair.
  5705 | D:8      | HP: 8/102 [poisoned by a gnoll sergeant]
  5710 | D:8      | HP: 8/102 [orc wizard/magic dart (9)]
  5718 | D:8      | HP: 8/102 [killer bee (6)]
  5718 | D:8      | HP: 2/102 [killer bee (6)]
  5719 | D:8      | Succumbed to a killer bee's poison

Vanquished Creatures
  The ghost of Flugkiller the Ruffian, a novice TrEn of Ru (D:5)
  Joseph (D:8)
  Prince Ribbit (D:5)
  Sigmund (D:2)
  A wyvern (D:6)
  3 yaks (D:8)
  Eustachio (D:5)
  Menkaure (D:5)
  Edmund (D:5)
  Duvessa (D:5)
  3 water moccasins
  2 orc warriors
  A black bear (D:8)
  2 ice beasts
  2 ogres (D:7)
  4 centaurs
  A phantom (D:4)
  A gnoll sergeant (D:8)
  A scorpion (D:8)
  Dowan (D:5)
  9 wights (D:7)
  12 killer bees
  2 electric eels (D:7)
  4 howler monkeys
  A bombardier beetle (D:4)
  3 hounds
  3 orc priests
  2 sleepcaps (D:5)
  3 iguanas (D:5)
  4 orc wizards
  4 gnolls (D:3)
  9 adders
  A shadow imp (D:7)
  2 ufetubi (D:6)
  2 dart slugs (D:1)
  4 ribbon worms
  15 orcs
  4 bats
  A giant cockroach (D:3)
  3 goblins
  11 hobgoblins
  6 jackals
  3 quokkas
  8 ball pythons
  2 frilled lizards
  5 kobolds
  3 rats
156 creatures vanquished.
